 Dungeon Crawl Stone Soup version 0.21-a0-91-ga5031da (webtiles) character file.

517 Ijustatesigmund the Cudgeler (level 7, 0/66 HPs)
             Began as a Naga Fighter on June 29, 2017.
             Was an Initiate of Cheibriados.
             Slain by a giant cockroach (2 damage)
             ... on level 5 of the Dungeon.
             The game lasted 00:09:28 (3416 turns).

Ijustatesigmund the Cudgeler (Naga Fighter)         Turns: 3416, Time: 00:09:29

Health: 0/66       AC:  7    Str: 19    XL:     7   Next: 20%
Magic:  7/7        EV:  5    Int: 15    God:    Cheibriados [......]
Gold:   166        SH:  3    Dex: 13    Spells: 6/6 levels left

rFire    . . .     SeeInvis +   a - +0 flail
rCold    . . .     Gourm    .   (no shield)
rNeg     . . .     Faith    .   b - +0 chain mail
rPois    +         Spirit   .   (no helmet)
rElec    .         Reflect  +   (no cloak)
rCorr    +         Harm     .   (no gloves)
MR       .....                  (no barding)
Stlth    ..........             j - +3 amulet of reflection
HPRegen  0.21/turn              k - ring of resist corrosion
MPRegen  0.10/turn              (no ring)

@: brilliant, very slow
A: see invisible, deformed body, poison resistance, slowness 2, slow metabolism
1, spit poison 1, AC +2
a: Spit Poison, Bend Time, Renounce Religion


You were on level 5 of the Dungeon.
You worshipped Cheibriados.
Cheibriados was noncommittal.
You were not hungry.

You visited 1 branch of the dungeon, and saw 5 of its levels.

You collected 166 gold pieces.

Inventory:

Hand Weapons
 a - a +0 flail (weapon)
Armour
 b - a +0 chain mail (worn)
 c - a +1 shield
Jewellery
 j - a +3 amulet of reflection (around neck)
 k - a ring of resist corrosion (left hand)
Scrolls
 e - a scroll of remove curse
 h - a scroll of immolation
 m - a scroll of teleportation
Comestibles
 d - 3 chunks of flesh
 f - 5 bread rations
 g - 4 meat rations
 n - 2 royal jellies


   Skills:
 + Level 4.6 Fighting
 + Level 5.5 Maces & Flails
 + Level 3.0 Armour
 + Level 1.2 Dodging
 + Level 3.0 Shields


You had 6 spell levels left.
You didn't know any spells.

Dungeon Overview and Level Annotations

Branches:
Dungeon (5/15)
 Temple: D:4-7

Altars:
Ashenzari
Cheibriados
Fedhas
Gozag
Qazlal
Yredelemnul

Shops:
D:3 *

Portals:
Sewer: D:5


Innate Abilities, Weirdness & Mutations

You cannot wear boots.
Your serpentine skin is tough. (AC +2)
You have supernaturally acute eyesight. (SInv)
Armour fits poorly on your strangely shaped body.
Your system is resistant to poisons. (rPois)
You cover ground very slowly.
You have a slow metabolism.
You can spit poison.


Message History

The adder is almost dead.
The giant cockroach bites you but does no damage.
The leopard gecko bites you but does no damage.
The adder bites you but does no damage. The leopard gecko bites you.
* * * LOW HITPOINT WARNING * * *
The giant cockroach bites you but does no damage.
You sock the adder!
You kill the adder!
Cheibriados thoroughly appreciates the change of pace.
The leopard gecko barely misses you. You block the leopard gecko's attack.
The giant cockroach bites you but does no damage.
The leopard gecko bites you but does no damage.
The leopard gecko barely misses you.
The giant cockroach bites you but does no damage.
The leopard gecko bites you but does no damage.
The leopard gecko splashes around in the water.
The giant cockroach splashes around in the water.
The leopard gecko bites you but does no damage. x2
The giant cockroach bites you.
You die... ... ###.. #...# ##.#. #...# #≈≈≈# #≈l≈# #≈@≈# #lss#

#≈∩≈# .#
#≈≈≈# #.#
#≈≈≈# #.#
#≈≈≈# #.#
#≈≈≈# #.#
#...###.#
#.#....#.##


You could see 2 leopard geckos and 2 giant cockroaches.

Vanquished Creatures
  Blork the orc (D:4)
  3 jellies (D:2)
  3 orc priests
  3 orc wizards
  3 adders
  12 oozes
  3 worms
  2 dart slugs (D:1)
  3 leopard geckos
  3 orcs
  2 ball pythons
  7 giant cockroaches
  6 goblins
  6 hobgoblins
  3 jackals (D:2)
  15 kobolds
  3 quokkas
  13 bats
  2 frilled lizards
  3 rats (D:2)
96 creatures vanquished.

Vanquished Creatures (others)
  4 fungi (D:2)
  5 toadstools (D:2)
9 creatures vanquished.

Grand Total: 105 creatures vanquished

Notes
Turn   | Place    | Note
-------+----------+-------------------------------------------
     0 | D:1      | Ijustatesigmund the Naga Fighter began the quest for the Orb.
     0 | D:1      | Reached XP level 1. HP: 21/21 MP: 1/1
    67 | D:1      | Reached XP level 2. HP: 25/28 MP: 2/2
   447 | D:1      | Reached skill level 3 in Maces & Flails
   760 | D:1      | Reached XP level 3. HP: 29/34 MP: 3/3
  1262 | D:2      | Reached skill level 4 in Maces & Flails
  1409 | D:2      | Reached XP level 4. HP: 39/42 MP: 4/4
  1928 | D:2      | Reached XP level 5. HP: 45/49 MP: 5/5
  1940 | D:2      | Reached skill level 5 in Maces & Flails
  2292 | D:3      | Reached XP level 6. HP: 50/57 MP: 6/6
  2675 | D:3      | Found Gozag's Platinum Reserve.
  2713 | D:3      | Found an opulent altar of Gozag.
  2958 | D:3      | Found a shattered altar of Ashenzari.
  2961 | D:3      | Found a basalt altar of Yredelemnul.
  2968 | D:3      | Found a stormy altar of Qazlal.
  2968 | D:3      | Found a blossoming altar of Fedhas.
  2973 | D:3      | Found a snail-covered altar of Cheibriados.
  2977 | D:3      | Became a worshipper of Cheibriados the Contemplative
  3118 | D:4      | Noticed Blork the orc
  3127 | D:4      | Killed Blork the orc
  3127 | D:4      | Reached skill level 1 in Dodging
  3271 | D:4      | Reached XP level 7. HP: 66/66 MP: 7/7
  3363 | D:5      | Entered Level 5 of the Dungeon
  3401 | D:5      | Found a glowing drain.
  3413 | D:5      | HP: 3/66 [adder (2)]
  3414 | D:5      | HP: 1/66 [leopard gecko (2)]
  3416 | D:5      | Slain by a giant cockroach

Vault maps used:
D:1:      lightli_arrival_chessboard
D:2:      cheibrodos_fertilizer, first_bread
D:3:      minitemple, st_stairs_1, grunt_decor_arrowhead,
          nicolae_gozag_zags_fifth_avenue
D:4:      nicolae_overflow_crystal_walls, uniq_blork_the_orc
D:5:      temple_hall, nicolae_ossuary_entry_plus, portal_sewer_entry_f,
          uniq_ijyb, uniq_pikel

Skill      XL: |  1  2  3  4  5  6  7 |
---------------+----------------------+-----
Maces & Flails | 3 4 5 |  5.5
Fighting       | 4 |  4.6
Dodging        | 1 |  1.2
Armour         | 3 |  3.0
Shields        | 3 |  3.0

Action                   |  1- 3 |  4- 6 |  7- 9 || total
-------------------------+-------+-------+-------++-------
Melee: Flail             |   116 |   169 |    40 ||   325
  Use: Scroll            |     4 |     3 |       ||     7
       Potion            |     1 |     4 |     4 ||     9
  Eat: Chunk             |     1 |     5 |     1 ||     7
Armor: Scale mail        |     9 |       |       ||     9
       Ring mail         |    52 |       |       ||    52
       Chain mail        |     6 |    94 |    72 ||   172
Dodge: Dodged            |    60 |    42 |    35 ||   137
Block: Shield            |    41 |       |       ||    41
       Buckler           |     5 |       |       ||     5
       Other             |     2 |    16 |    11 ||    29
       Reflection        |       |     1 |       ||     1
